 Dungeon Crawl Stone Soup version 0.30-a0-528-g8c47a4955b (webtiles) character file.

Game seed: 9690344619019876954

188443 demibob the Brawler (level 17, -8/267 HPs)
             Began as a Troll Chaos Knight on Dec 23, 2022.
             Was a Plaything of Xom.
             Mangled by a deep troll (9 damage)
             ... led by an ironbound preserver
             ... on level 1 of the Vaults.
             The game lasted 01:14:50 (24671 turns).

demibob the Brawler (Troll Chaos Knight)           Turns: 24671, Time: 01:14:51

Health: -8/267     AC: 13    Str: 22    XL:     17   Next: 47%
Magic:  16/16      EV: 16    Int: 20    God:    Xom [...*..]
Gold:   602        SH: 20    Dex: 13    Spells: 16/16 levels left

rFire   + . .      SeeInvis .      - Unarmed
rCold   + . .      Faith    +    o - +2 tower shield
rNeg    + . .      Spirit   .    s - +1 troll leather armour
rPois   .          Reflect  .    r - +2 hat {Will+}
rElec   +          Harm     .    x - +1 cloak of Zeaff {rElec Will+ Dex-4}
rCorr   .          Rampage  .    (gloves unavailable)
Will    ++++.                    (boots unavailable) Stlth
                                 l - amulet of faith {!P}
HPRegen 2.24/turn                f - ring "Tepiyk Woss" {rF+ rC+ rN+}
MPRegen 0.15/turn                h - ring "Iczoor" {rElec EV+4 Int+4 Dex+4 Stlth+}

@: berserking (expiring), frozen, unable to read, very quick
A: large, unfitting armour, claws 3, regeneration 1, shaggy fur 1, tough skin 1,
horns 1, talons 1, iridescent scales 1, clever 2, strong-willed 1, inability to
read after injury 1
}: 1/15 runes: serpentine
a: Renounce Religion


You were on level 1 of the Vaults.
You worshipped Xom.
You were a favourite toy of Xom.
You visited 5 branches of the dungeon, and saw 27 of its levels.
You also visited: Gauntlet.

You collected 2892 gold pieces.
You spent 2290 gold pieces at shops.


Innate Abilities, Weirdness & Mutations

You are too large for most types of armour.
You have claws for hands.
Your natural rate of healing is unusually fast.
You are covered in fur. (AC +1)
You have tough skin. (AC +1)
You have a pair of small horns on your head.
You have sharp toenails.
You are partially covered in iridescent scales. (AC +2)
Your mind is very acute. (Int +8, Str/Dex -2)
You are strong-willed. (Will+)
You occasionally lose the ability to read scrolls when taking damage.


   Skills:
 + Level 13.3 Fighting
 - Level 9.0 Throwing
 - Level 10.0 Dodging
 - Level 15.1 Shields
 + Level 18.5 Unarmed Combat


You had 16 spell levels left.
You didn't know any spells.
Your spell library contained the following spells:

 Spells                   Type           Power      Damage    Failure   Level
 Apportation              Tloc           0%         N/A       52%         1
 Beastly Appendage        Tmut           0%         N/A       52%         1
 Freeze                   Ice            0%         1d3       52%         1
 Magic Dart               Conj           0%         1d3       52%         1
 Necrotise                Necr           0%         1d4       52%         1
 Summon Small Mammal      Summ           0%         N/A       52%         1
 Blink                    Tloc           0%         N/A       65%         2
 Call Imp                 Summ           0%         N/A       65%         2
 Cigotuvi's Dreadful Rot  Necr/Pois/Air  0%         N/A       65%         2
 Momentum Strike          Conj/Tloc      0%         3d8       65%         2
 Poisonous Vapours        Pois/Air       0%         N/A       65%         2
 Static Discharge         Conj/Air       0%         2-2/arc   65%         2
 Wereblood                Tmut           0%         N/A       65%         2
 Dazzling Flash           Conj/Hex       0%         N/A       87%         3
 Frozen Ramparts          Ice            0%         1d1       87%         3
 Hailstorm                Conj/Ice       0%         3d3       87%         3
 Inner Flame              Hex/Fire       0%         N/A       87%         3
 Kindle Blastsparks       Fire/Tloc/Air  0%         2d10      87%         3
 Lesser Beckoning         Tloc           0%         N/A       87%         3
 Mephitic Cloud           Conj/Pois/Air  0%         N/A       87%         3
 Ozocubu's Armour         Ice            0%         N/A       87%         3
 Spider Form              Tmut/Pois      0%         N/A       87%         3
 Vhi's Electric Charge    Tloc/Air       0%         N/A       87%         3
 Cause Fear               Hex            0%         N/A       99%         4
 Flame Wave               Conj/Fire      0%         2d4       99%         4
 Fulminant Prism          Conj/Hex       0%         3d5       99%         4
 Ice Form                 Ice/Tmut       0%         N/A       99%         4
 Iskenderun's Mystic Bla  Conj/Tloc      0%         2d3       99%         4
 Sticky Flame             Conj/Fire      0%         2d3       99%         4
 Summon Ice Beast         Ice/Summ       0%         N/A       99%         4
 Agony                    Necr           0%         N/A       100%        5
 Alistair's Intoxication  Tmut/Pois      0%         N/A       100%        5
 Arcjolt                  Conj/Air       0%         1d10      100%        5
 Borgnjor's Vile Clutch   Necr/Erth      0%         N/A       100%        5
 Freezing Cloud           Conj/Ice/Air   0%         6-21      100%        5
 Lee's Rapid Deconstruct  Erth           0%         3d4*      100%        5
 Lightning Bolt           Conj/Air       0%         1d11      100%        5
 Metabolic Englaciation   Hex/Ice        0%         N/A       100%        5
 Silence                  Hex/Air        0%         N/A       100%        5
 Eringya's Noxious Bog    Tmut/Pois      0%         N/A       100%        6
 Simulacrum               Ice/Necr       0%         N/A       100%        6
 Discord                  Hex            0%         N/A       100%        8
 Polar Vortex             Ice            0%         N/A       100%        9

Inventory:

Missiles
 c - 4 atropa-tipped darts
 j - 4 curare-tipped darts {=f}
 n - 24 large rocks (quivered) {=f}
 y - 4 silver javelins
 J - a throwing net {=f}
Armour
 o - a +2 tower shield (worn)
 r - a +2 hat of willpower (worn)
 s - a +1 troll leather armour (worn)
 x - the +1 cloak of Zeaff (worn) {rElec Will+ Dex-4}
   (You found it in a Gauntlet)

   Dex:       It affects your dexterity (-4).
   rElec:     It insulates you from electricity.
   Will:      It increases your willpower.
 A - +0 steam dragon scales
 C - a scarf of resistance
Magical Staves
 N - a staff of fire {!a}
Jewellery
 f - the ring "Tepiyk Woss" (left claw) {rF+ rC+ rN+}
   (You bought it in a shop on level 4 of the Snake Pit)

   [ring of protection from fire]

   rF:        It protects you from fire.
   rC:        It protects you from cold.
   rN:        It protects you from negative energy.
 h - the ring "Iczoor" (right claw) {rElec EV+4 Int+4 Dex+4 Stlth+}
   (Xom gifted it to you on level 9 of the Dungeon)

   [ring of evasion]

   EV:        It affects your evasion (+4).
   Int:       It affects your intelligence (+4).
   Dex:       It affects your dexterity (+4).
   rElec:     It insulates you from electricity.
   Stlth:     It makes you more stealthy.
 l - an amulet of faith (around neck) {!P}
 t - an amulet of guardian spirit
 v - a ring of see invisible
 E - a +4 ring of evasion
 F - a ring of protection from fire
 L - a ring of flight
 P - a ring of poison resistance
Wands
 d - a wand of charming (32)
 k - a wand of polymorph (9)
 q - a wand of light (18)
 G - a wand of flame (14)
 I - a wand of iceblast (7)
Scrolls
 e - 2 scrolls of fog
 m - a scroll of amnesia
 p - 21 scrolls of identify {@r1}
 u - a scroll of brand weapon
 B - 2 scrolls of fear
 K - 2 scrolls of enchant weapon
 M - 3 scrolls of enchant armour
 Q - a scroll of teleportation {@r2}
 V - 2 scrolls of magic mapping
Potions
 a - 3 potions of flight
 g - 8 potions of curing {@q1}
 i - a potion of cancellation
 z - 8 potions of lignification
 D - 5 potions of attraction
 H - a potion of magic
 R - a potion of ambrosia
 T - 2 potions of resistance
 U - a potion of brilliance
 Y - a potion of mutation
 Z - a potion of might
Miscellaneous
 b - a piece from Xom's chessboard (15/15)
 O - a condenser vane

Dungeon Overview and Level Annotations

Branches:
Dungeon (15/15)            Temple (0/1) D:4            Lair (5/5) D:9
  Swamp (0/4) Lair:2        Snake (4/4) Lair:3        Slime (0/5) Lair:5
    Orc (2/2) D:11            Elf (0/3) Orc:2        Vaults (1/5) D:14
 Depths (0/4) D:15        Gauntlet (visited)

Altars:
Dithmenos
Gozag
Hepliaklqana
Makhleb
Okawaru
Qazlal
Sif Muna
Trog
Uskayaw
Vehumet
Xom
Yredelemnul
Zin

Shops:
Orc:2 [(([*   Snake:2 =[!?(   Snake:4 :=:

Annotations:
D:1 1 runed translucent door
D:12 2 transporters, Dordric's ghost, journeyman BaIE
Lair:1 3 runed translucent doors, flotson's ghost, journeyman DsDe
Snake:2 Roxanne
Orc:2 3 runed translucent doors, lotum's ghost, journeyman DsBe; p00ps00p's ghost, journeyman HOFi

▒▒▒▒▒ ..... .....
..... ▒▒▒▒++▒ .....
▒▒▒.....▒▒▒ ▒...
..... ▒▒.....T...▒▒
▒..▒▒ '▒▒▒▒
▒▒...pppT.Y..▒▒▒..▒.
..
▒..T†.▒▒▒@T...▒▒..▒
... ▒...▒▒▒
▒▒▒...▒▒..▒ ...
+.... ▒....▒..▒ ..
..▒.(Y▒ ▒▒...▒..▒ .
▒▒▒... ▒...▒5.▒ ▒...
▒..†††.▒ ▒..
▒....▒..▒ ▒▒.
▒...▒▒..▒▒▒▒▒▒▒▒
▒.....▒▒..........


You could see a dire elephant, an ironbound preserver, an ironbound frostheart,
3 deep trolls and an ironbound convoker (catching breath).


Message History

You eviscerate the dire elephant!!! You claw the dire elephant.
The dire elephant is almost dead.
You block the dire elephant's attack.
The dire elephant trunk-slaps you but does no damage.
The deep troll bites you but does no damage.
You block the deep troll's attack.
The deep troll claws you but does no damage.
The ironbound preserver gestures wildly while chanting.
The ironbound preserver is healed somewhat.
The deep troll bites you!
* * * LOW HITPOINT WARNING * * *
The deep troll claws you!
* * * LOW HITPOINT WARNING * * *
The deep troll barely misses you.
The ironbound frostheart calls freezing cold from the walls.
The frost grips you! You resist.
* * * LOW HITPOINT WARNING * * *
You are encased in ice.
You block the dire elephant's attack. x2
You eviscerate the dire elephant!!!
You kill the dire elephant!
You kill the ironbound preserver!
You claw the dire elephant! You claw the dire elephant.
The dire elephant is severely wounded.
You block the dire elephant's attack. x2; The deep troll bites you!!
* * * LOW HITPOINT WARNING * * *
Xom roars with laughter!
The deep troll claws you but does no damage.
The deep troll claws you!
You die...
Xom thinks this is hilarious!

Skill      XL: |  1  2  3  4  5  6  7  8  9 10 11 12 13 14 15 16 17 |
---------------+----------------------------------------------------+-----
Unarmed Combat | 4 5 6 7 8 10 11 13 14 15 17 18 | 18.5
Shields        | 1 4 6 8 10 12 13 15 | 15.1
Throwing       | 5 9 |  9.0
Fighting       | 3 7 10 12 13 | 13.3
Dodging        | 6 10 | 10.0

Action                   |  1- 3 |  4- 6 |  7- 9 | 10-12 | 13-15 | 16-18 || total
-------------------------+-------+-------+-------+-------+-------+-------++-------
Melee: Unarmed           |    88 |   174 |   281 |   555 |  1447 |   688 ||  3233
       Punch             |     2 |     3 |       |       |       |       ||     5
       Kick              |       |       |       |    95 |   180 |   275 ||   550
       Headbutt          |       |       |       |    57 |   319 |   193 ||   569
Throw: Dart              |       |     2 |     6 |    12 |    15 |       ||    35
       Large rock        |       |       |       |     2 |    12 |       ||    14
       Javelin           |       |       |       |       |    19 |       ||    19
Evoke: Wand              |       |       |       |    13 |    20 |     4 ||    37
       Condenser vane    |       |       |       |     3 |     4 |     1 ||     8
  Use: Scroll            |     3 |     7 |    13 |    10 |    16 |     4 ||    53
       Potion            |       |       |     3 |    14 |     7 |     5 ||    29
 Stab: Sleeping          |     3 |     2 |       |       |     6 |     7 ||    18
       Confused          |       |       |       |     4 |     9 |       ||    13
       Distracted        |       |       |       |     1 |     2 |     2 ||     5
       Invisible         |       |       |       |       |     1 |       ||     1
       Petrifying        |       |       |       |       |     1 |       ||     1
       Petrified         |       |       |       |       |     1 |       ||     1
       Paralysed         |       |       |       |       |     1 |       ||     1
Armor: Robe              |    25 |    57 |    36 |       |       |       ||   118
       Troll leather arm |       |       |    43 |   141 |   291 |   109 ||   584
       Skin              |       |       |       |       |       |     7 ||     7
Dodge: Dodged            |    26 |    79 |    50 |    81 |   407 |   244 ||   887
Block: Tower shield      |       |    25 |   206 |   502 |  1504 |   701 ||  2938

Levels and vault maps discovered:
D:1:      dpeg_arrival_caged_fury, layout_basic, st_stairs_3,
          grunt_decor_fettered, chequers_big_river, bh_walls_and_bars
D:2:      layout_basic, kennysheep_another_room, minivault_26, minmay_puff
D:3:      layout_basic, regret_index_temple_of_mockery,
          okawaru_ov_weapons_minmay, serial_corexii_hall,
          corexii_hall_statues_deadend, chequers_hall_statues_corner_a,
          chequers_hall_statues_wall_a, corexii_hall_statues_deadend,
          minmay_cut_off, uniq_robin
D:4:      layout_rooms, minmay_temple_entry_gardened_gates, uniq_duvessa
D:5:      kennysheep_windowed_halls, layout_basic,
          nicolae_qazlal_general_emergency, kennysheep_generic_room_14,
          uniq_prince_ribbit1
D:6:      layout_loops_ring, uniq_maggie, uniq_grinder
D:7:      layout_basic, overflow_temple_1_default
D:8:      layout_rooms, dreamdust_princess_bridge, kennysheep_island_fort,
          uniq_pikel
D:9:      kennysheep_blocky_hall, layout_loops_ring, trog_book,
          dpeg_lair_monsters
D:10:     layout_rooms, nicolae_overflow_hallway_of_the_gods,
          grunt_gozag_breadcrumbs, disabler_island
D:11:     minmay_the_grid_octo_tiled_octocenter
          [minmay_the_grid_octo_fat_diamond, minmay_the_grid_octo_thin_diamonds,
          minmay_the_grid_octo_toaster, minmay_the_grid_octo_odd_swirl,
          minmay_the_grid_octo_prize_star, minmay_the_grid_square_5x5_one_wall,
          minmay_the_grid_square_5x5_six,
          minmay_the_grid_square_5x5_inverted_slash,
          minmay_the_grid_square_5x5_seven], layout_loops_cross, david_orc_5,
          minmay_orc_keep
D:12:     layout_cave_pools, serial_glass, glass_columns_b, glass_columns_a,
          gammafunk_ghost_wrathful_warriors, zin_angel, uniq_lodul,
          uniq_gastronok
D:13:     kennysheep_funnel, layout_small_grid, minivault_23,
          minmay_misc_feat_ornament, uniq_urug
D:14:     layout_basic, david_vaults_2, minmay_misc_feat_encased
D:15:     grunt_enter_depths_snipers, layout_stronghold,
          portal_ice_cave_entry_dragon, minmay_crystal_room, uniq_azrael,
          uniq_rupert
Lair:1:   layout_cellular_growth, gammafunk_ghost_split
Lair:2:   layout_roguey, swamp_mist, grunt_megastairs_1
Lair:3:   layout_cave_pods, minmay_snake_entry_guardpost_small,
          gauntlet_entry_generic
Lair:4:   layout_roguey, grunt_megastairs_3
Lair:5:   minmay_lair_end_enchanted_forest, layout_misc_corridors,
          minmay_slime_entry_eyes, grunt_megastairs_2
Snake:1:  layout_misc_corridors, grunt_megastairs_5
Snake:2:  layout_basic, serial_shops, shop, nicolae_stop_n_shop_1,
          lemuel_fruit_tree, minmay_shoptagon, grunt_megastairs_4, uniq_roxanne
Snake:3:  layout_misc_corridors
Snake:4:  snake_pit, layout_rooms, minmay_shop_grove
Orc:1:    nicolae_orc_accident_2, layout_caves, biasface_ghost_orc_armoury
Orc:2:    grunt_orc_community_town_hall, layout_caves,
          grunt_orc_community_big_house_2, grunt_orc_community_big_house_2,
          grunt_orc_community_house_1, grunt_orc_community_house_1,
          grunt_orc_community_house_3, grunt_orc_community_house_2,
          grunt_orc_community_house_2, grunt_orc_community_house_1,
          gammafunk_ghost_split, serial_shops, nicolae_shop_trees
Vaults:1: v_pattern_4, nicolae_vaults_stairing_the_circle,
          nicolae_vaults_asterisk, grunt_vaults_funnel, vaults_room_door_hall,
          hangedman_vaults_river_flow, hangedman_vaults_pinch,
          vaults_mumra_chevron, v_alt_pattern_3,
          nicolae_vaults_little_squares_5, layout_vaults_omnicross

Notes
Turn   | Place    | Note
-------+----------+-------------------------------------------
     0 | D:1      | demibob the Troll Chaos Knight began the quest for the Orb.
     0 | D:1      | Reached XP level 1. HP: 22/22 MP: 0/0
     1 | D:1      | Found a runed translucent door.
    86 | D:1      | Reached XP level 2. HP: 26/29 MP: 1/1
   105 | D:1      | XOM: silly message
   349 | D:1      | Reached skill level 4 in Unarmed Combat
   456 | D:1      | XOM: polymorph ball python -> river rat
   460 | D:1      | XOM: divination: detect creatures
   461 | D:1      | Reached XP level 3. HP: 36/36 MP: 2/2
   842 | D:2      | XOM: noise
   890 | D:2      | XOM: silly message
   906 | D:2      | Reached XP level 4. HP: 44/44 MP: 3/3
   985 | D:2      | Reached skill level 5 in Unarmed Combat
  1259 | D:2      | XOM: divination: detect creatures
  1602 | D:3      | XOM: stealth player
  1727 | D:3      | Found a hazy altar of Hepliaklqana.
  1728 | D:3      | Found a shimmering altar of Xom.
  1729 | D:3      | Noticed a spectral ugly thing
  1750 | D:3      | Found an iron altar of Okawaru.
  1804 | D:3      | Reached XP level 5. HP: 50/50 MP: 4/4
  1885 | D:3      | Reached skill level 6 in Unarmed Combat
  2263 | D:3      | XOM: 5-stop teleportation journey
  2355 | D:4      | XOM is BORED!
  2355 | D:4      | XOM: 2-stop teleportation journey
  2366 | D:4      | Reached XP level 6. HP: 51/59 MP: 5/5
  2437 | D:4      | Identified the +0 ring mail of Zorphezo {+Inv rElec Will+}
  2495 | D:4      | Reached skill level 7 in Unarmed Combat
  2495 | D:4      | Found a staircase to the Ecumenical Temple.
  2713 | D:4      | Noticed Duvessa
  2716 | D:4      | Noticed Dowan
  2719 | D:4      | XOM: blink monster(s)
  2724 | D:4      | XOM: enchant monster (bad)
  2731 | D:4      | XOM: divination: detect creatures
  2732 | D:4      | Reached skill level 1 in Shields
  2742 | D:4      | Killed Duvessa
  2743 | D:4      | Reached XP level 7. HP: 62/66 MP: 6/6
  2746 | D:4      | Killed Dowan
  2747 | D:4      | Reached skill level 2 in Shields
  2822 | D:5      | Entered Level 5 of the Dungeon
  2846 | D:5      | Found a stormy altar of Qazlal.
  2881 | D:5      | XOM: smoke on damage
  2911 | D:5      | Reached skill level 8 in Unarmed Combat
  2958 | D:5      | Reached skill level 3 in Shields
  3210 | D:5      | XOM: divination: magic mapping
  3229 | D:5      | XOM: divination: detect creatures
  3280 | D:5      | Noticed Prince Ribbit
  3289 | D:5      | Killed Prince Ribbit
  3290 | D:5      | Reached skill level 4 in Shields
  3290 | D:5      | Reached XP level 8. HP: 74/74 MP: 7/7
  3309 | D:5      | XOM: summons 2 hostile demons
  3370 | D:5      | XOM: divination: detect creatures
  3371 | D:5      | XOM: give mutation
  3371 | D:5      | Gained mutation: Armour fits poorly on your strangely
                  | shaped body. [Xom's mischief]
  3372 | D:5      | Reached skill level 9 in Unarmed Combat
  3427 | D:5      | Reached skill level 5 in Shields
  3434 | D:5      | Noticed a troll
  3437 | D:5      | Killed a troll
  3525 | D:5      | Reached skill level 6 in Shields
  3543 | D:5      | Reached skill level 10 in Unarmed Combat
  3543 | D:5      | Reached XP level 9. HP: 64/80 MP: 8/8
  3813 | D:5      | XOM: scenery: 2 fountains blood, 1 doors open, 1 doors
                  | close
  4011 | D:6      | XOM: smoke on damage
  4090 | D:6      | Noticed Grinder
  4099 | D:6      | Killed Grinder
  4105 | D:6      | Reached skill level 7 in Shields
  4143 | D:6      | XOM: confuse monster(s)
  4163 | D:6      | Noticed Maggie
  4170 | D:6      | XOM: noise
  4172 | D:6      | XOM: god gift: condenser vane
  4176 | D:6      | XOM: swap monsters
  4182 | D:6      | XOM: scenery: create altars
  4189 | D:6      | Killed Maggie
  4190 | D:6      | Reached skill level 11 in Unarmed Combat
  4339 | D:6      | Identified the +1 ring mail "Biamnuf" {MP+9 Dex+5}
  4406 | D:6      | Identified the +1 ring mail "Noukk" {-Tele Harm rN++ Str+2}
  4406 | D:6      | XOM: divination: magic mapping
  4837 | D:7      | Found a burning altar of Makhleb.
  5205 | D:7      | Reached skill level 8 in Shields
  5370 | D:8      | XOM: god gift: potion of curing
  5391 | D:8      | XOM: fog
  5400 | D:8      | XOM: scenery: create altars
  5408 | D:8      | XOM: god gift: scale mail {god gift}
  5550 | D:8      | Reached XP level 10. HP: 68/88 MP: 9/9
  5557 | D:8      | XOM: cloud trail
  5596 | D:8      | Identified a scarf of resistance
  5644 | D:8      | XOM: silly message
  5689 | D:8      | Noticed Pikel
  5760 | D:8      | XOM: blink monster(s)
  5823 | D:9      | XOM: give mutation
  5823 | D:9      | Gained mutation: You are dopey. (Int -2) [Xom's mischief]
  5836 | D:9      | XOM: 3-stop teleportation journey
  5875 | D:9      | XOM: chaos cloud
  5957 | D:9      | XOM: 1-stop teleportation journey
  6032 | D:9      | Identified the +9 dagger "Hydraslayer" {vorpal, +Blink}
  6092 | D:9      | XOM: stat loss: -1 Dex (12/13)
  6096 | D:9      | Lost mutation: Armour fits poorly on your strangely shaped
                  | body. [potion of mutation]
  6096 | D:9      | Lost mutation: You are dopey. (Int -2) [potion of mutation]
  6096 | D:9      | Gained mutation: You are agile. (Dex +4, Str/Int -1)
                  | [potion of mutation]
  6096 | D:9      | Gained mutation: Your flesh is heat resistant. (rF+)
                  | [potion of mutation]
  6096 | D:9      | Gained mutation: Armour fits poorly on your strangely
                  | shaped body. [potion of mutation]
  6120 | D:9      | Noticed a death yak
  6120 | D:9      | Noticed a death yak
  6133 | D:8      | Reached skill level 12 in Unarmed Combat
  6296 | D:8      | Killed Pikel
  6297 | D:8      | Reached skill level 9 in Shields
  6297 | D:8      | XOM: give mutations
  6297 | D:8      | Lost mutation: Armour fits poorly on your strangely shaped
                  | body. [Xom's mischief]
  6297 | D:8      | Gained mutation: Your mind is acute. (Int +4, Str/Dex -1)
                  | [Xom's mischief]
  6394 | D:9      | Found a staircase to the Lair.
  6402 | D:9      | Noticed a death yak
  6403 | D:9      | XOM: torment (45/88 hp)
  6404 | Lair:1   | XOM: stealth player
  6404 | Lair:1   | Entered Level 1 of the Lair of Beasts
  6492 | Lair:1   | Noticed flotson's ghost (journeyman DsDe)
  6492 | Lair:1   | Noticed a cane toad
  6492 | Lair:1   | Noticed a black mamba
  6493 | Lair:1   | Noticed a catoblepas
  6494 | Lair:1   | Found a runed translucent gate.
  6494 | Lair:1   | Noticed a boulder beetle
  6494 | Lair:1   | Noticed a cane toad
  6495 | Lair:1   | Found a runed translucent gate.
  6495 | Lair:1   | Found a runed translucent gate.
  6552 | Lair:1   | XOM: confusion
  6577 | Lair:1   | XOM: summons 2 hostile demons
  6642 | Lair:1   | XOM: summons 4 friendly demons
  6643 | Lair:1   | XOM: noise
  6662 | Lair:1   | Reached skill level 10 in Shields
  6662 | Lair:1   | Reached skill level 13 in Unarmed Combat
  6809 | Lair:1   | Noticed an elephant
  6810 | Lair:1   | Noticed an elephant
  6815 | Lair:1   | XOM: cast spell 'Summon Small Mammal'
  6827 | Lair:1   | Killed an elephant
  6828 | Lair:1   | Reached XP level 11. HP: 84/94 MP: 10/10
  6858 | Lair:1   | XOM: enchant monster (bad)
  6884 | Lair:1   | XOM: cleaving
  6886 | Lair:1   | XOM: fake destruction
  7086 | Lair:1   | XOM: confuse monster(s)
  7198 | Lair:1   | XOM: noise
  7232 | Lair:1   | XOM: noise
  7234 | Lair:1   | XOM: chaos cloud
  7236 | Lair:1   | Reached skill level 11 in Shields
  7236 | Lair:1   | Paralysed by you for 5 turns
  7286 | Lair:1   | Reached skill level 14 in Unarmed Combat
  7562 | Lair:1   | XOM: silly message
  7601 | Lair:2   | Noticed a boulder beetle
  7630 | Lair:2   | Killed a boulder beetle
  7643 | Lair:2   | XOM: give mutation
  7643 | Lair:2   | Gained mutation: You are very agile. (Dex +8, Str/Int -2)
                  | [Xom's grace]
  7644 | Lair:2   | XOM: summons 7 friendly demons
  7661 | Lair:2   | XOM: summons friendly shadow imp
  7667 | Lair:2   | XOM: destruction
  7681 | Lair:2   | XOM: god gift: glowing cloak {god gift}
  7775 | Lair:2   | XOM: god gift: 2 boomerangs
  7907 | Lair:2   | Found a staircase to the Swamp.
  7974 | Lair:2   | XOM: give mutations
  7974 | Lair:2   | Gained mutation: You are strong-willed. (Will+) [Xom's
                  | grace]
  7974 | Lair:2   | Gained mutation: Your mind is very acute. (Int +8, Str/Dex
                  | -2) [Xom's grace]
  7974 | Lair:2   | Gained mutation: You are partially covered in iridescent
                  | scales. (AC +2) [Xom's grace]
  7974 | Lair:2   | Gained mutation: You have sharp toenails. [Xom's grace]
  7986 | Lair:3   | Noticed an eight-headed hydra
  8008 | Lair:2   | XOM: cleaving
  8036 | Lair:3   | Found a gate leading to a gauntlet.
  8042 | Gauntlet | Entered a Gauntlet
  8042 | Gauntlet | Found a transporter.
  8042 | Gauntlet | Found a transporter.
  8052 | Gauntlet | XOM: give mutations
  8052 | Gauntlet | Gained mutation: You have a pair of small horns on your
                  | head. [Xom's grace]
  8052 | Gauntlet | Gained mutation: You have hidden genetic potential. [Xom's
                  | grace]
  8052 | Gauntlet | Gained mutation: You are highly strong-willed. (Will++)
                  | [Xom's grace]
  8052 | Gauntlet | Lost mutation: You have sharp toenails. [Xom's grace]
  8052 | Gauntlet | Gained mutation: You have large cloven feet. [Xom's grace]
  8083 | Gauntlet | Found a transporter.
  8086 | Gauntlet | Found a transporter.
  8094 | Gauntlet | Found a transporter.
  8097 | Gauntlet | Found a transporter.
  8105 | Gauntlet | Found a transporter.
  8123 | Gauntlet | Found a transporter.
  8126 | Gauntlet | Noticed a quicksilver ooze
  8140 | Gauntlet | Found a transporter.
  8143 | Gauntlet | Found a transporter.
  8153 | Gauntlet | Found a transporter.
  8156 | Gauntlet | Found a transporter.
  8200 | Gauntlet | a golden eye changed into a harpy
  8200 | Gauntlet | Noticed a harpy (shapeshifter)
  8203 | Gauntlet | a harpy changed into a rime drake
  8259 | Gauntlet | XOM: god gift: wand of iceblast (3)
  8328 | Gauntlet | Identified the +1 cloak of Zeaff {rElec Will+ Dex-4}
  8386 | Gauntlet | Killed a quicksilver ooze
  8387 | Gauntlet | Reached skill level 12 in Shields
  8387 | Gauntlet | Reached XP level 12. HP: 85/104 MP: 0/11
  8392 | Gauntlet | Identified the ring of Unwem {Ice *Corrode Int+3 Dex+6}
  8421 | Gauntlet | XOM: give mutations
  8421 | Gauntlet | Gained mutation: You have hoof-like feet. [Xom's grace]
  8421 | Gauntlet | Gained mutation: You possess an exceptional clarity of
                  | mind. [Xom's grace]
  8421 | Gauntlet | Lost mutation: You have hoof-like feet. [Xom's grace]
  8421 | Gauntlet | Lost mutation: You have large cloven feet. [Xom's grace]
  8421 | Gauntlet | Gained mutation: You have sharp toenails. [Xom's grace]
  8422 | Gauntlet | Identified the +2 plate armour "Plog" {Rampage rF+ Int+3
                  | Dex+3}
  8422 | Gauntlet | Noticed a minotaur
  8427 | Gauntlet | a minotaur changed into a quicksilver ooze
  8427 | Gauntlet | Noticed a quicksilver ooze
  8427 | Gauntlet | XOM: polymorph minotaur -> quicksilver ooze
  8430 | Gauntlet | Killed a quicksilver ooze
  8443 | Lair:3   | Reached skill level 15 in Unarmed Combat
  8469 | Lair:3   | XOM: 4-stop teleportation journey
  8640 | Lair:3   | Found a staircase to the Snake Pit.
  8707 | Lair:3   | XOM: 7-stop teleportation journey
  8755 | Lair:3   | XOM: god gift: 2 large rocks
  8844 | Lair:3   | XOM: cast spell 'Discord'
  8850 | Lair:3   | Reached skill level 1 in Throwing
  8864 | Lair:3   | XOM: summons 3 hostile shadow creatures
  8865 | Lair:3   | Reached skill level 2 in Throwing
  8875 | Lair:3   | XOM: swap monsters
  9126 | Lair:3   | Reached skill level 3 in Throwing
  9434 | Lair:4   | Reached skill level 13 in Shields
  9456 | Lair:4   | Reached skill level 4 in Throwing
  9596 | Lair:4   | Noticed a catoblepas
  9609 | Lair:4   | XOM: divination: magic mapping
  9615 | Lair:4   | Killed a catoblepas
  9616 | Lair:4   | Reached skill level 5 in Throwing
  9777 | Lair:4   | XOM: scenery: 1 doors open
  9779 | Lair:4   | XOM: confuse monster(s)
  9784 | Lair:4   | XOM: confuse monster(s)
  9980 | Lair:4   | XOM: scenery: 1 doors open
 10189 | Lair:5   | Entered Level 5 of the Lair of Beasts
 10190 | Lair:5   | XOM: confuse monster(s)
 10190 | Lair:5   | Noticed a four-headed hydra
 10198 | Lair:5   | Killed a four-headed hydra
 10200 | Lair:5   | Reached XP level 13. HP: 103/110 MP: 12/12
 10202 | Lair:5   | Reached skill level 6 in Throwing
 10202 | Lair:5   | XOM: potion effect (haste)
 10231 | Lair:5   | Found the +7 Singing Sword {vorpal, sonic wave}
 10268 | Lair:5   | Reached skill level 14 in Shields
 10284 | Lair:5   | Identified the +7 scale mail of the Doldrums {rF+ SInv
                  | Stlth+}
 10321 | Lair:5   | Found a staircase to the Slime Pits.
 10559 | Lair:5   | Reached skill level 7 in Throwing
 10600 | Lair:5   | XOM: god gift: scroll of fear
 10664 | Lair:5   | XOM: divination: detect items
 10988 | Lair:5   | Gained mutation: You have a pair of horns on your head.
                  | [hidden potential]
 11078 | Lair:5   | XOM: divination: detect creatures
 11181 | Lair:5   | Identified a +2 robe of the Archmagi
 11224 | Lair:5   | XOM: swap monsters
 11228 | Lair:5   | XOM: confuse monster(s)
 11240 | Lair:5   | Reached skill level 8 in Throwing
 11302 | Lair:5   | XOM: enchant monster (good)
 11335 | Lair:5   | XOM: enchant monster (good)
 11337 | Lair:5   | XOM: fake destruction
 11486 | Lair:5   | Identified a potion of resistance
 11658 | D:9      | XOM: cast spell 'Summon Mana Viper'
 11667 | D:9      | Reached skill level 15 in Shields
 11717 | D:9      | Identified the ring "Iczoor" {rElec EV+4 Int+4 Dex+4
                  | Stlth+} (Xom gifted it to you on level 9 of the Dungeon)
 11717 | D:9      | XOM: god gift: ring "Iczoor" {rElec EV+4 Int+4 Dex+4
                  | Stlth+}
 11746 | D:9      | Identified the ring "Syegamem" {Str+6 Int+5} (Xom gifted it
                  | to you on level 9 of the Dungeon)
 11746 | D:9      | XOM: god gift: ring "Syegamem" {Str+6 Int+5}
 11752 | D:9      | Reached skill level 9 in Throwing
 11759 | D:9      | Identified the +8 long sword "Buoptur" {vorpal, +Blink
                  | rCorr Str+4 Int-5}
 11822 | D:9      | XOM: give mutations
 11822 | D:9      | Gained mutation: You are frail. (-10% HP) [Xom's mischief]
 11822 | D:9      | Lost mutation: You are partially covered in iridescent
                  | scales. (AC +2) [Xom's mischief]
 11822 | D:9      | Gained mutation: You occasionally lose the ability to drink
                  | potions when taking damage. [Xom's mischief]
 11822 | D:9      | Lost mutation: You have hidden genetic potential. [Xom's
                  | mischief]
 11823 | D:9      | Lost mutation: You are frail. (-10% HP) [potion of
                  | mutation]
 11823 | D:9      | Lost mutation: Your flesh is heat resistant. (rF+) [potion
                  | of mutation]
 11823 | D:9      | Lost mutation: You have sharp toenails. [potion of
                  | mutation]
 11823 | D:9      | Lost mutation: You are very agile. (Dex +8, Str/Int -2)
                  | [potion of mutation]
 11823 | D:9      | Lost mutation: You occasionally lose the ability to drink
                  | potions when taking damage. [potion of mutation]
 11924 | D:9      | Found a bloodstained altar of Trog.
 12178 | D:10     | Entered Level 10 of the Dungeon
 12245 | D:10     | XOM: confuse monster(s)
 12293 | D:10     | XOM: god gift: +3 hand axe of chaos
 12308 | D:10     | Reached skill level 3 in Fighting
 12326 | D:10     | Found a basalt altar of Yredelemnul.
 12333 | D:10     | Found a hide-covered altar of Uskayaw.
 12336 | D:10     | Found a shadowy altar of Dithmenos.
 12336 | D:10     | Found a shimmering blue altar of Sif Muna.
 12343 | D:10     | Found a radiant altar of Vehumet.
 12469 | D:10     | XOM: fake destruction
 12566 | D:10     | Found an opulent altar of Gozag.
 12760 | D:10     | XOM: draining
 12831 | D:11     | Found a staircase to the Orcish Mines.
 12927 | D:11     | Reached XP level 14. HP: 106/106 MP: 13/13
 12929 | D:11     | XOM: summons friendly crimson imp
 12954 | D:11     | XOM: polymorph crimson imp -> iron imp
 13004 | D:11     | XOM: scenery: summon butterflies
 13082 | D:11     | Identified the +9 war axe "Killer Bee's Peril" {vorpal,
                  | rC++ Will++ Int-4}
 13085 | D:11     | XOM: fog
 13090 | D:11     | Reached skill level 4 in Fighting
 13094 | D:11     | XOM: confuse monster(s)
 13129 | D:11     | Reached skill level 5 in Fighting
 13129 | D:11     | Reached skill level 16 in Unarmed Combat
 13291 | D:11     | XOM: give mutation
 13291 | D:11     | Gained mutation: Your muscles are strong. (Str +4, Int/Dex
                  | -1) [Xom's grace]
 13301 | D:11     | XOM: smoke on damage
 13471 | D:11     | XOM: silly message
 13963 | Orc:1    | Entered Level 1 of the Orcish Mines
 14011 | Orc:1    | XOM: divination: magic mapping
 14227 | Orc:2    | Entered Level 2 of the Orcish Mines
 14355 | Orc:2    | XOM: enchant monster (good)
 14381 | Orc:2    | XOM: potion effect (brilliance)
 14406 | Orc:2    | Reached skill level 6 in Fighting
 14434 | Orc:2    | Noticed an orc warlord
 14440 | Orc:2    | XOM: noise
 14454 | Orc:2    | XOM: summons 2 friendly demons
 14456 | Orc:2    | Killed an orc warlord
 14572 | Orc:2    | XOM: enchant monster (good)
 14650 | Orc:2    | Found a staircase to the Elven Halls.
 14784 | Orc:2    | Found Cazi's Antique Armour Emporium.
 14807 | Orc:2    | Found Lanudyi's Antique Weapon Emporium.
 14841 | Orc:2    | Found a runed translucent gate.
 14842 | Orc:2    | Found a runed translucent gate.
 14843 | Orc:2    | Found a runed translucent gate.
 14843 | Orc:2    | Noticed p00ps00p's ghost (journeyman HOFi)
 15122 | Orc:2    | Found Ceqy's Antique Armour Shoppe.
 15124 | Orc:2    | Found Nylawk's Antique Weapon Emporium.
 15125 | Orc:2    | XOM: divination: detect items
 15221 | Orc:2    | Found Naoju's General Store.
 15275 | Orc:1    | Found a runed translucent gate.
 15275 | Orc:1    | Found a runed translucent gate.
 15275 | Orc:1    | Found a runed translucent gate.
 15320 | Orc:1    | Identified the +3 chain mail "Iduolik" {rC+ Regen+ Str-4
                  | Int+3}
 15320 | Orc:1    | Identified the +7 kite shield of Patience {Contam rPois
                  | Dex+5 SInv}
 15320 | Orc:1    | Noticed an orc warlord
 15322 | Orc:1    | Noticed lotum's ghost (journeyman DsBe)
 15408 | D:12     | Noticed Lodul
 15422 | D:12     | Killed Lodul
 15429 | D:12     | XOM: cast spell 'Monstrous Menagerie'
 15556 | D:12     | Noticed Gastronok
 15564 | D:12     | XOM: noise
 15568 | D:12     | XOM: divination: detect creatures
 15570 | D:12     | Killed Gastronok
 15571 | D:12     | Reached skill level 7 in Fighting
 15604 | D:12     | Noticed an angel
 15605 | D:12     | Found a glowing silver altar of Zin.
 15622 | D:12     | XOM: scenery: 1 doors close
 15684 | D:12     | XOM: confuse monster(s)
 15686 | D:12     | XOM: summons 4 friendly demons
 15690 | D:12     | XOM: polymorph shadow imp -> crimson imp
 15698 | D:12     | XOM: cleaving
 15702 | D:12     | Reached skill level 17 in Unarmed Combat
 15732 | D:12     | Noticed Dordric's ghost (journeyman BaIE)
 15776 | D:12     | Found a transporter.
 15787 | D:12     | Found a transporter.
 15800 | D:12     | Found a bloodstained altar of Trog.
 16055 | D:13     | Noticed Urug
 16058 | D:13     | XOM: polymorph komodo dragon -> wind drake
 16071 | D:13     | Urug changed into Urug the shapeshifter
 16071 | D:13     | XOM: polymorph Urug -> Urug the shapeshifter
 16356 | D:13     | XOM: god gift: glowing rapier {god gift}
 16403 | D:13     | XOM: summons 3 friendly demons
 16432 | D:13     | Reached XP level 15. HP: 120/143 MP: 10/14
 16515 | D:13     | XOM: give mutation
 16515 | D:13     | Gained mutation: You are robust. (+10% HP) [Xom's grace]
 16584 | D:13     | Reached skill level 2 in Dodging
 16937 | Orc:1    | XOM: confuse monster(s)
 16955 | Orc:1    | an orc warlord changed into an azure jelly
 16955 | Orc:1    | Noticed an azure jelly
 16955 | Orc:1    | XOM: polymorph orc warlord -> azure jelly
 17048 | Orc:1    | Reached skill level 8 in Fighting
 17054 | Orc:2    | XOM: fake destruction
 17128 | Orc:2    | XOM: summons friendly quasit
 17135 | Orc:1    | XOM: cast spell 'Summon Hydra'
 17153 | Orc:1    | Killed an azure jelly
 17283 | Orc:1    | XOM: scenery: summon butterflies
 17300 | Orc:2    | XOM: god gift: book of Fire
 17551 | D:14     | Reached skill level 3 in Dodging
 17587 | D:14     | XOM: fog
 17642 | D:14     | Found a gate to the Vaults.
 17710 | D:14     | XOM: cleaving
 17806 | D:14     | XOM: cleaving
 17814 | D:14     | XOM: scenery: summon butterflies
 17996 | D:14     | Reached skill level 4 in Dodging
 18006 | D:14     | Identified the +2 quarterstaff "Pecooscha" {freeze, Int+5}
 18029 | D:14     | XOM: divination: magic mapping
 18167 | D:14     | XOM: cloud trail
 18299 | D:14     | XOM: confuse monster(s)
 18311 | D:14     | XOM: give mutation
 18311 | D:14     | Gained mutation: You have sharp toenails. [Xom's grace]
 18354 | D:15     | Entered Level 15 of the Dungeon
 18367 | D:15     | XOM: blink monster(s)
 18370 | D:15     | XOM: enchant monster (good)
 18374 | D:15     | XOM: cleaving
 18377 | D:15     | Reached skill level 9 in Fighting
 18577 | D:15     | Reached skill level 5 in Dodging
 18587 | D:15     | XOM: smoke on damage
 18706 | D:15     | XOM: butterfly on damage
 18728 | D:15     | Found a frozen archway.
 18802 | D:15     | XOM: confuse monster(s)
 18936 | D:15     | Noticed Azrael
 18944 | D:15     | XOM: cast spell 'Summon Horrible Things'
 18948 | D:15     | Killed Azrael
 18954 | D:15     | Reached skill level 6 in Dodging
 19240 | D:15     | Noticed Rupert
 19251 | D:15     | Killed Rupert
 19554 | D:15     | Found a staircase to the Depths.
 19581 | D:15     | Reached skill level 10 in Fighting
 19587 | D:15     | >>this is suicide
 19814 | Snake:1  | Entered Level 1 of the Snake Pit
 19894 | Snake:1  | XOM: polymorph naga mage -> rime drake
 19898 | Snake:1  | XOM: polymorph naga mage -> troll
 19962 | Snake:1  | XOM: god gift: wand of light (8)
 20062 | Snake:1  | Reached XP level 16. HP: 169/173 MP: 5/15
 20144 | Snake:1  | XOM: confuse monster(s)
 20186 | Snake:1  | XOM: 6-stop teleportation journey
 20266 | Snake:1  | Reached skill level 7 in Dodging
 20455 | Snake:1  | XOM: noise
 20661 | Snake:1  | XOM: god gift: potion of brilliance
 20677 | Snake:2  | Found Hutuutos's Weapon Boutique.
 21104 | Snake:2  | XOM: fog
 21211 | Snake:2  | XOM: snakes to sticks
 21340 | Snake:2  | Found Quosaefa's Magic Scroll Emporium.
 21340 | Snake:2  | Found Molo Tua's Jewellery Shoppe.
 21340 | Snake:2  | XOM: snakes to sticks
 21454 | Snake:2  | Found Lefynuca's Antique Armour Shoppe.
 21459 | Snake:2  | Found Zoggavo's Distillery.
 21465 | Snake:2  | Bought a scroll of teleportation for 45 gold pieces
 21465 | Snake:2  | Bought a scroll of magic mapping for 112 gold pieces
 21465 | Snake:2  | Bought a scroll of teleportation for 45 gold pieces
 21465 | Snake:2  | Bought a scroll of enchant armour for 112 gold pieces
 21468 | Snake:2  | Bought 2 potions of berserk rage for 150 gold pieces
 21468 | Snake:2  | Bought a potion of heal wounds for 75 gold pieces
 21468 | Snake:2  | Bought a potion of curing for 45 gold pieces
 21468 | Snake:2  | Bought a potion of curing for 45 gold pieces
 21468 | Snake:2  | Bought a potion of might for 60 gold pieces
 21468 | Snake:2  | Bought a potion of curing for 45 gold pieces
 21468 | Snake:2  | Bought a potion of resistance for 150 gold pieces
 21471 | Snake:2  | Bought a ring of see invisible for 195 gold pieces
 21471 | Snake:2  | Bought an amulet of faith for 520 gold pieces
 21497 | Snake:2  | XOM: god gift: 3 stones
 21535 | Snake:2  | XOM: divination: detect items
 21620 | Snake:2  | XOM: noise
 21648 | Snake:2  | Noticed Roxanne
 21648 | Snake:2  | XOM: silly message
 21711 | Snake:3  | Reached skill level 11 in Fighting
 21711 | Snake:3  | Reached skill level 8 in Dodging
 21711 | Snake:3  | XOM: enchant monster (bad)
 21824 | Snake:3  | XOM: snakes to sticks
 21835 | Snake:3  | XOM: 1-stop teleportation journey
 21903 | Snake:3  | XOM: smoke on damage
 21979 | Snake:3  | XOM: enchant monster (bad)
 21984 | Snake:3  | XOM: chaos upgrade
 22048 | Snake:3  | XOM: chaos cloud
 22336 | Snake:4  | Entered Level 4 of the Snake Pit
 22355 | Snake:4  | XOM: chaos upgrade
 22377 | Snake:3  | XOM: summons 3 friendly demons
 22409 | Snake:4  | XOM: divination: detect items
 22410 | Snake:4  | XOM: cast spell 'Statue Form'
 22424 | Snake:4  | XOM: summons 6 friendly demons
 22428 | Snake:4  | XOM: fake destruction
 22456 | Snake:3  | Reached skill level 9 in Dodging
 22512 | Snake:4  | XOM: polymorph naga sharpshooter -> two-headed ogre
 22630 | Snake:4  | XOM: cast spell 'Chain of Chaos'
 22700 | Snake:4  | Identified the +3 ring mail of the Moon {Harm Fly rElec}
 22780 | Snake:4  | Reached skill level 12 in Fighting
 22796 | Snake:4  | XOM: cleaving
 22800 | Snake:4  | XOM: divine lightning
 22802 | Snake:4  | XOM: chaos upgrade
 22804 | Snake:4  | XOM: chaos upgrade
 22807 | Snake:4  | XOM: silly message
 22863 | Snake:4  | XOM: give mutations
 22863 | Snake:4  | Lost mutation: You have a pair of horns on your head.
                  | [Xom's mischief]
 22863 | Snake:4  | Lost mutation: You are agile. (Dex +4, Str/Int -1) [Xom's
                  | mischief]
 22863 | Snake:4  | Lost mutation: You possess an exceptional clarity of mind.
                  | [Xom's mischief]
 22863 | Snake:4  | Gained mutation: Armour fits poorly on your strangely
                  | shaped body. [Xom's mischief]
 22881 | Snake:4  | XOM: 1-stop teleportation journey
 22940 | Snake:4  | XOM: chaos cloud
 22969 | Snake:4  | XOM: enchant monster (bad)
 23032 | Snake:4  | XOM: chaos upgrade
 23080 | Snake:4  | XOM: divination: magic mapping
 23081 | Snake:4  | XOM: cast spell 'Discord'
 23082 | Snake:4  | XOM: divination: magic mapping
 23089 | Snake:4  | Reached skill level 10 in Dodging
 23095 | Snake:4  | Reached XP level 17. HP: 192/192 MP: 16/16
 23124 | Snake:4  | Found Zamos's Book Emporium.
 23124 | Snake:4  | Found Geocvax's Jewellery Shop.
 23125 | Snake:4  | Found Pampahuw's Book Emporium.
 23133 | Snake:4  | Bought the ring "Tepiyk Woss" {rF+ rC+ rN+} for 691 gold
                  | pieces
 23173 | Snake:4  | XOM: divination: magic mapping
 23261 | Snake:4  | XOM: noise
 23293 | Snake:4  | XOM: god gift: +6 ring of strength
 23339 | Snake:4  | XOM: summons 3 hostile shadow creatures
 23497 | Snake:4  | XOM: give mutations
 23497 | Snake:4  | Lost mutation: You are robust. (+10% HP) [Xom's mischief]
 23497 | Snake:4  | Gained mutation: You are frail. (-10% HP) [Xom's mischief]
 23497 | Snake:4  | Lost mutation: Armour fits poorly on your strangely shaped
                  | body. [Xom's mischief]
 23521 | Snake:4  | Got a serpentine rune of Zot
 23811 | Vaults:1 | Entered Level 1 of the Vaults
 23856 | Vaults:1 | XOM: summons 1 hostile demon
 23927 | Vaults:1 | XOM: summons 9 hostile demons
 23940 | Vaults:1 | XOM: enchant monster (bad)
 23947 | Vaults:1 | HP: 12/157 [deep troll[an ironbound preserver] (8)]
 23979 | Vaults:1 | XOM: give mutations
 23979 | Vaults:1 | Lost mutation: Your muscles are strong. (Str +4, Int/Dex
                  | -1) [Xom's mischief]
 23979 | Vaults:1 | Lost mutation: You are highly strong-willed. (Will++)
                  | [Xom's mischief]
 23979 | Vaults:1 | Gained mutation: You occasionally shout uncontrollably at
                  | your foes. [Xom's mischief]
 24029 | Vaults:1 | Lost mutation: You are frail. (-10% HP) [potion of
                  | mutation]
 24029 | Vaults:1 | Lost mutation: You occasionally shout uncontrollably at
                  | your foes. [potion of mutation]
 24029 | Vaults:1 | Gained mutation: You are partially covered in iridescent
                  | scales. (AC +2) [potion of mutation]
 24029 | Vaults:1 | Gained mutation: You occasionally lose the ability to read
                  | scrolls when taking damage. [potion of mutation]
 24094 | Vaults:1 | XOM: 1-stop teleportation journey
 24099 | Vaults:1 | Reached skill level 18 in Unarmed Combat
 24308 | Vaults:1 | XOM: enchant monster (good)
 24310 | Vaults:1 | XOM: scenery: 1 doors close
 24316 | Vaults:1 | Reached skill level 13 in Fighting
 24424 | Vaults:1 | XOM: polymorph necromancer -> anaconda
 24440 | Vaults:1 | XOM: 4-stop teleportation journey
 24566 | Vaults:1 | XOM: polymorph large slime creature -> snapping turtle
 24567 | Vaults:1 | XOM: 2-stop teleportation journey
 24580 | Vaults:1 | XOM: summons 2 friendly demons
 24584 | Vaults:1 | XOM: confuse monster(s)
 24600 | Vaults:1 | XOM: summons 3 friendly demons
 24665 | Vaults:1 | XOM: blink monster(s)
 24669 | Vaults:1 | HP: 16/267 [ironbound frostheart/creeping frost (13)]
 24671 | Vaults:1 | HP: 1/267 [deep troll[an ironbound preserver] (18)]
 24671 | Vaults:1 | Mangled by a deep troll

Vanquished Creatures
  Rupert (D:15)
  Gastronok (D:12)
  3 nagarajas
  An azure jelly (Orc:1)
  A very ugly thing (Vaults:1)
  An orc warlord (Orc:2)
  2 quicksilver oozes (Gauntlet)
  2 ironbound preservers (Vaults:1)
  A stone giant (D:15)
  A war gargoyle (Vaults:1)
  2 dire elephants (Vaults:1)
  A yaktaur captain (D:14)
  A rakshasa (D:15)
  4 salamander tyrants (Snake:4)
  An ice dragon (D:15)
  14 centaur warriors
  A peacekeeper (Vaults:1)
  An ironbound frostheart (Vaults:1)
  A boulder beetle (Lair:2)
  2 catoblepae
  7 hydras
  3 death yaks (D:9)
  13 naga warriors
  7 two-headed ogres
  2 tengu warriors (D:15)
  A death knight (D:11)
  4 anacondas
  2 orc high priests
  5 naga sharpshooters
  5 shock serpents
  7 salamander mystics
  7 skeletal warriors
  Lodul (D:12)
  3 deep trolls (Vaults:1)
  4 naga ritualists
  3 ironbound convokers (Vaults:1)
  Pikel (D:8)
  5 harpies (Vaults:1)
  4 orc knights (Orc:1)
  A wizard (D:11)
  6 deep elf pyromancers
  6 mana vipers
  12 ugly things
  2 orc sorcerers (Orc:2)
  5 cyclopes
  12 salamanders
  19 elephants
  A moth of wrath (shapeshifter) (D:11)
  4 manticores
  A salamander (shapeshifter) (D:15)
  A guardian serpent (shapeshifter) (Gauntlet)
  3 guardian serpents (Snake:3)
  2 vault sentinels (Vaults:1)
  An eye of devastation (Lair:5)
  19 naga magi
  26 black mambas
  7 cane toads
  Maggie (D:6)
  An unseen horror (D:12)
  5 yaktaurs
  4 rime drakes
  3 kobold demonologists
  2 efreet
  3 komodo dragons (Lair:3)
  2 tengu conjurers (D:15)
  A queen bee (shapeshifter) (D:13)
  10 trolls
  Grinder (D:6)
  2 wind drakes (shapeshifter)
  A raiju (shapeshifter) (D:13)
  Prince Ribbit (D:5)
  7 polar bears
  13 blink frogs
  A wind drake (D:13)
  5 hornets
  7 dream sheep
  27 slime creatures
  A culicivora (shapeshifter) (D:13)
  4 wraiths (D:11)
  12 spriggans (Lair:5)
  2 shadows
  37 yaks
  11 basilisks
  A fire elemental (D:15)
  11 vampire mosquitoes
  A golden eye (shapeshifter) (D:13)
  4 steam dragons
  2 wargs
  13 water moccasins
  33 nagas
  An acid dragon (D:13)
  Duvessa (D:4)
  46 orc warriors
  A hell hound (D:15)
  A floating eye (Lair:5)
  4 ice beasts (D:5)
  6 black bears
  6 boggarts
  9 ogres
  24 wolves (Lair:5)
  16 centaurs
  A lemure (D:8)
  A kobold brigand (D:10)
  A phantom (D:4)
  14 bullfrogs
  A gnoll sergeant (D:11)
  2 necrophages
  3 scorpions
  A wight (D:9)
  Dowan (D:4)
  15 killer bees
  2 electric eels (D:10)
  4 howler monkeys
  9 hounds
  22 orc priests
  A gnoll bouda (D:7)
  2 jellies
  3 iguanas
  22 orc wizards
  5 hell rats (D:9)
  8 adders
  10 gnolls
  A river rat (D:1)
  A shadow imp (D:7)
  2 white imps (D:6)
  2 ufetubi (D:5)
  3 worms (D:2)
  3 dart slugs
  112 orcs
  5 bats
  10 endoplasms
  4 giant cockroaches
  8 goblins
  7 hobgoblins
  10 jackals
  8 kobolds
  4 quokkas
  9 ball pythons
  5 frilled lizards
  5 rats
925 creatures vanquished.

Vanquished Creatures (collateral kills)
  Azrael (D:15)
  3 salamanders (Snake:4)
  An elephant (Lair:3)
  2 yaktaurs (D:15)
  A troll (D:12)
  A yak (D:12)
  2 fire elementals (D:15)
  A vampire mosquito (D:11)
  A hell hound (D:15)
  A water moccasin (Lair:1)
  4 orc warriors (Orc:2)
  4 ogres (D:12)
  2 orc priests
  An iguana (D:4)
  3 orcs
28 creatures vanquished.

Vanquished Creatures (others)
  A salamander tyrant (Snake:4)
  A centaur warrior (Vaults:1)
  A naga warrior (Snake:4)
  A naga mage (Snake:4)
  2 bushes (Snake:4)
  19 fungi
  23 plants
  A withered plant (Gauntlet)
49 creatures vanquished.

Grand Total: 1002 creatures vanquished

Table legend: (Time is in decaauts)
 A = Elapsed time spent in this place.
 B = Non-inter-level travel time spent in this place.
 C = Inter-level travel time spent in this place.
 D = Time resting spent in this place.
 E = Time spent auto-exploring this place.
 F = Levels seen in this place.
 G = Mean time per level.
                   A        B        C        D        E       F      G
               +--------+--------+--------+--------+--------+-----+--------+
         Total |  24316 |  23057 |   1259 |   1604 |  14926 |  28 |  868.4 |
       Dungeon |  12487 |  11799 |    688 |    496 |   8294 |  15 |  832.5 |
          Lair |   4912 |   4584 |    328 |    391 |   2764 |   5 |  982.4 |
     Snake Pit |   3756 |   3666 |     90 |    384 |   2257 |   4 |  939.0 |
  Orcish Mines |   1941 |   1791 |    150 |    218 |    993 |   2 |  970.5 |
        Vaults |    827 |    827 |      0 |    114 |    483 |   1 |  827.0 |
      Gauntlet |    391 |    391 |      0 |      0 |    134 |   1 |  391.0 |
               +--------+--------+--------+--------+--------+-----+--------+

Top non-repeatable levels by time:
  Lair:5: 1316 daAuts
    D:11: 1288 daAuts
    D:15: 1274 daAuts
  Lair:1: 1260 daAuts
 Snake:4: 1156 daAuts
     D:5: 1144 daAuts
   Orc:2: 1108 daAuts
  Lair:3: 1049 daAuts
 Snake:2: 1031 daAuts
    D:14: 912 daAuts
     D:9: 888 daAuts
 Snake:1: 873 daAuts
    D:13: 846 daAuts
   Orc:1: 833 daAuts
Vaults:1: 827 daAuts

Table legend:
 A = Non-vault XP
 B = Vault XP
 C = Vault XP percentage of total XP
 D = Non-vault monster count
 E = Vault monster count
 F = Vault count percentage of total count
                 A         B        C        D         E       F
            +---------+---------+-------+---------+---------+-------
      Total |  154840 |   96268 |  38.3 |     586 |     369 |  38.6
            +---------+---------+-------+---------+---------+-------
        D:1 |      65 |       4 |   5.8 |      27 |       2 |   6.9
        D:2 |      79 |      13 |  14.1 |      23 |       5 |  17.9
        D:3 |     102 |       7 |   6.4 |      20 |       4 |  16.7
        D:4 |     375 |     211 |  36.0 |      19 |       2 |   9.5
        D:5 |     524 |    1726 |  76.7 |      13 |      22 |  62.9
        D:6 |     578 |     715 |  55.3 |      10 |       2 |  16.7
        D:7 |     658 |       0 |   0.0 |      12 |       0 |   0.0
        D:8 |     720 |    1190 |  62.3 |      10 |       4 |  28.6
        D:9 |    1548 |    3102 |  66.7 |      17 |      13 |  43.3
       D:10 |    2896 |     293 |   9.2 |      31 |       3 |   8.8
       D:11 |    1068 |   15299 |  93.5 |       5 |      64 |  92.8
       D:12 |    4715 |    3030 |  39.1 |      17 |       8 |  32.0
       D:13 |    8313 |     333 |   3.9 |      20 |       1 |   4.8
       D:14 |   14026 |    1627 |  10.4 |      31 |       3 |   8.8
       D:15 |   13364 |    7443 |  35.8 |      30 |      11 |  26.8
     Lair:1 |    8602 |       0 |   0.0 |      29 |       0 |   0.0
     Lair:2 |    3651 |     634 |  14.8 |      14 |       4 |  22.2
     Lair:3 |    6751 |     422 |   5.9 |      18 |       3 |  14.3
     Lair:4 |    5705 |     433 |   7.1 |      19 |       1 |   5.0
     Lair:5 |   10389 |   10071 |  49.2 |      39 |      53 |  57.6
    Snake:1 |    9988 |     319 |   3.1 |      19 |       2 |   9.5
    Snake:2 |    8291 |    1307 |  13.6 |      15 |       2 |  11.8
    Snake:3 |   15268 |    1481 |   8.8 |      34 |       3 |   8.1
    Snake:4 |   20480 |   19163 |  48.3 |      40 |      32 |  44.4
      Orc:1 |    1176 |    5653 |  82.8 |      26 |      23 |  46.9
      Orc:2 |    1271 |    7059 |  84.7 |      22 |      76 |  77.6
   Vaults:1 |   14237 |   11670 |  45.0 |      26 |      21 |  44.7
   Gauntlet |       0 |    3063 | 100.0 |       0 |       5 | 100.0
            +---------+---------+-------+---------+---------+-------
